 Seeded DCSS version 0.31-a0-277-g31ea1f65cc (webtiles) character file.

Game seed: 8917691805809255915 (custom seed)

2865 bmack86 the Severer (level 9, -5/105 HPs)
             Began as a Minotaur Fighter on July 15, 2023.
             Was a Believer of Okawaru.
             Slain by a two-headed ogre
             ... wielding a +0 giant club
              (20 damage)
             ... on level 8 of the Dungeon.
             The game lasted 00:26:58 (6529 turns).

bmack86 the Severer (Minotaur Fighter)              Turns: 6529, Time: 00:26:59

Health: -5/105     AC: 24    Str: 25    XL:     9   Next: 47%
Magic:  8/8        EV:  2    Int:  5    God:    Okawaru [**....]
Gold:   214        SH:  5    Dex: 16    Spells: 8/8 levels left

rFire   . . .        w - +3 broad axe (vamp)
rCold   . . .        c - +0 buckler
rNeg    . . .        l - melded +0 plate armour
rPois   +            r - melded +0 hat
rElec   .            j - melded +0 cloak
rCorr   .            f - melded +0 pair of gloves
SInv    .            (boots currently unavailable)
Will    .....        s - amulet of regeneration
Stlth   +            e - ring of flight
HPRegen 1.17/turn    m - +6 ring of dexterity
MPRegen 0.11/turn

%: no passive effects
@: tree-form
A: stationary, stasis, torment immunity, boosted hp, (horns 2), (retaliatory
headbutt)
a: Renounce Religion, Heroism


You were on level 8 of the Dungeon.
You worshipped Okawaru.
Okawaru was pleased with you.
You were a tree.
You visited 2 branches of the dungeon, and saw 9 of its levels.

You collected 403 gold pieces.
You spent 189 gold pieces at shops.

Inventory:

Hand Weapons
 a - a +0 war axe of freezing
 w - a +3 vampiric broad axe (weapon)
Missiles
 g - 5 javelins
 t - 7 poisoned darts (quivered)
 A - a boomerang
Armour
 b - a +0 scale mail
 c - a +0 buckler (worn)
 f - a +0 pair of gloves (melded)
 j - a +0 cloak (melded)
 l - a +0 plate armour (melded)
 r - a +0 hat (melded)
Jewellery
 e - a ring of flight (left branch)
 m - a +6 ring of dexterity (right branch)
 p - a ring of protection from fire
 s - an amulet of regeneration (around neck)
Wands
 v - a wand of light (12)
 y - a wand of iceblast (6)
Scrolls
 i - a scroll of poison
 z - a scroll of fog
Potions
 d - a potion of might
 h - 2 potions of enlightenment
 k - 4 potions of curing
 n - a potion of mutation
 o - a potion of brilliance
 q - 2 potions of lignification
 u - a potion of haste
 x - a potion of cancellation


   Skills:
 - Level 3.6 Fighting
 + Level 15.5 Axes
 - Level 3.6 Armour
 - Level 3.6 Shields


You had 8 spell levels left.
You didn't know any spells.
Your spell library contained the following spells:

 Spells                   Type           Power      Damage    Failure   Level
 Ensorcelled Hibernation  Hex/Ice        0%         N/A       67%         2
 Passwall                 Tmut/Erth      0%         N/A       67%         2
 Swiftness                Air            0%         N/A       88%         3
 Passage of Golubria      Tloc           0%         N/A       99%         4
 Yara's Violent Unravell  Hex/Tmut       0%         3d3       100%        5
 Tukima's Dance           Hex            Unusable   N/A       N/A         3

Dungeon Overview and Level Annotations

Branches:
Dungeon (8/15)             Temple (1/1) D:4
   Lair: D:8-11

Altars:
Ashenzari
Cheibriados
Dithmenos
Fedhas
Hepliaklqana
Kikubaaqudgha
Makhleb
Nemelex Xobeh
Okawaru
Qazlal
Ru
Trog
Uskayaw
Vehumet
Wu Jian
Xom
Yredelemnul
Zin
The Shining One

Shops:
D:1 (   D:4 [   D:5 (   D:7 *


Innate Abilities, Weirdness & Mutations

You are a tree.
Your roots penetrate the ground, keeping you stationary.
You cannot be teleported.
You are immune to unholy pain and torment.
Your maximum health is greatly increased.
Your equipment is partially melded.
((You have a pair of horns on your head.))
((You reflexively headbutt those who attack you in melee.))


Message History

You destroy the sleepcap!
Okawaru accepts your kill.
A two-headed ogre and a sky beast come into view.
The two-headed ogre shouts in stereo!
You block the sky beast's attack.
The two-headed ogre hits you with a +0 giant club! x2
You hit the sky beast. You headbutt the sky beast.
The sky beast is moderately wounded.
You slash the two-headed ogre!
You feel better.
The sky beast hits you but does no damage.
The two-headed ogre hits you but does no damage.
The two-headed ogre hits you with a +0 giant club!!
You closely miss the sky beast. You headbutt the sky beast!
The sky beast is heavily wounded.
You hit the two-headed ogre.
The sky beast hits you but does no damage.
You hit the sky beast.
You feel better.
Your headbutt misses the sky beast.
The sky beast is severely wounded.
You barely miss the two-headed ogre. You block the sky beast's attack.
The two-headed ogre hits you but does no damage.
The two-headed ogre barely misses you.
You closely miss the sky beast.
The sky beast is severely wounded.
You hit the two-headed ogre. You block the sky beast's attack.
You hit the sky beast but do no damage.
The sky beast is severely wounded.
You slash the two-headed ogre!
You feel better.
The two-headed ogre hits you with a +0 giant club! x2
* * * LOW HITPOINT WARNING * * *
You block the sky beast's attack.
Unknown command.
Really quaff the potion of lignification?
You turn into a tree.
Your +0 cloak melds into your body.
Your +0 hat melds into your body.
Your +0 pair of gloves melds into your body.
Your +0 plate armour melds into your body.
Your roots penetrate the ground.
The sky beast hits you but does no damage.
The two-headed ogre hits you with a +0 giant club!!
You die...

..# ..# # ..###. .
..... ..##### ...#
......###...#
........>O..####
#.#.♣Y......#.####
#[.....####.......
##......####.......
#...................
#.......####........
#.....#.## #........
#..#.#...###.# .....
#..#...#.†...#......
#............#......


You could see a two-headed ogre and a sky beast.

Vanquished Creatures
  Grinder (D:3)
  A steam dragon (D:6)
  2 water moccasins
  2 black bears
  2 sky beasts
  An ice beast (D:7)
  An ogre (D:5)
  2 phantoms (D:6)
  2 kobold brigands
  A bullfrog (D:7)
  2 scorpions (D:5)
  4 killer bees (D:8)
  3 howler monkeys
  4 jellies
  5 hounds
  A sleepcap (D:8)
  3 iguanas
  5 orc wizards
  Robin (D:3)
  25 gnolls
  5 adders
  3 white imps
  2 ufetubi (D:6)
  4 worms
  4 dart slugs
  26 orcs
  11 ball pythons
  6 bats
  6 endoplasms
  3 giant cockroaches
  18 goblins
  12 hobgoblins
  12 jackals (D:3)
  3 quokkas
  3 frilled lizards
  18 kobolds
  5 rats
209 creatures vanquished.

Vanquished Creatures (others)
  A white imp (D:6)
1 creature vanquished.

Grand Total: 210 creatures vanquished

Notes
Turn   | Place    | Note
-------+----------+-------------------------------------------
     0 | D:1      | bmack86 the Minotaur Fighter began the quest for the Orb.
     0 | D:1      | Reached XP level 1. HP: 19/19 MP: 0/0
    32 | D:1      | Reached skill level 3 in Axes
    32 | D:1      | Found Duod's Antique Weapon Shoppe.
   135 | D:1      | Reached XP level 2. HP: 26/26 MP: 1/1
   258 | D:1      | Reached skill level 4 in Axes
   333 | D:1      | Reached XP level 3. HP: 22/31 MP: 2/2
   794 | D:2      | Found a faded altar of an unknown god.
   926 | D:2      | Reached skill level 5 in Axes
   941 | D:2      | Found a stormy altar of Qazlal.
  1009 | D:2      | Reached XP level 4. HP: 33/39 MP: 3/3
  1762 | D:3      | Identified the +0 helmet "Daitaacu" {rC- rN+ Str-4 Dex+5}
  1762 | D:3      | Noticed Robin
  1779 | D:3      | Reached skill level 6 in Axes
  1790 | D:3      | Killed Robin
  2086 | D:3      | Reached XP level 5. HP: 45/45 MP: 4/4
  2299 | D:3      | Reached skill level 7 in Axes
  2323 | D:3      | Reached XP level 6. HP: 49/51 MP: 5/5
  2489 | D:3      | Reached skill level 8 in Axes
  2681 | D:4      | Found a staircase to the Ecumenical Temple.
  2687 | Temple   | Entered the Ecumenical Temple
  2687 | Temple   | Found a transporter.
  2687 | Temple   | Found a transporter.
  2689 | Temple   | Found a transporter.
  2689 | Temple   | Found a transporter.
  2732 | Temple   | Became a worshipper of Warmaster Okawaru
  2767 | D:4      | Noticed a sky beast
  2777 | D:4      | Killed a sky beast
  2831 | D:4      | Reached skill level 9 in Axes
  2831 | D:4      | Reached XP level 7. HP: 49/57 MP: 6/6
  2864 | D:4      | Found Rugem's Antique Armour Shoppe.
  3389 | D:5      | Entered Level 5 of the Dungeon
  3389 | D:5      | Found Bire's Weapon Shoppe.
  3463 | D:5      | Reached skill level 10 in Axes
  3504 | D:5      | Reached * piety under Okawaru
  3647 | D:1      | Bought a runed broad axe for 189 gold pieces
  3805 | D:5      | Reached skill level 11 in Axes
  3916 | D:5      | Found the +0 toga "Victory" {*Victory Clar}
  3921 | D:5      | Reached XP level 8. HP: 64/64 MP: 7/7
  3942 | D:5      | Found a hide-covered altar of Uskayaw.
  3969 | D:5      | Found an ancient bone altar of Kikubaaqudgha.
  4248 | D:6      | Reached skill level 12 in Axes
  4497 | D:6      | Reached skill level 13 in Axes
  4653 | D:6      | Reached ** piety under Okawaru
  5202 | D:3      | Noticed Grinder
  5212 | D:3      | Killed Grinder
  5213 | D:3      | Reached skill level 14 in Axes
  5213 | D:3      | Reached XP level 9. HP: 70/70 MP: 8/8
  5775 | D:7      | Identified the +5 ring mail of Life {rF+ Dex+4}
  5928 | D:7      | Found Xalah's Overcharged Wands.
  6096 | D:7      | Reached skill level 15 in Axes
  6519 | D:8      | Noticed a two-headed ogre
  6529 | D:8      | Slain by a two-headed ogre

Illustrated notes

Levels and vault maps discovered:
D:1:      psy_arrival_statuary, layout_basic, serial_shops, shop,
          minmay_pentomino_q4
D:2:      layout_basic, shapermc_ecumenical_altar_ellora, basic_altar
D:3:      lemuel_castle_with_subvaults [lemuel_castle_interior_carwin_2],
          layout_basic, uniq_grinder, uniq_robin
D:4:      layout_basic, temple_green, serial_shops, shop
D:5:      layout_rooms, general_overflow_altar, mainiacjoe_overflow_alcove_1,
          serial_shops, nicolae_shop_bloodbath_and_beyond
D:6:      kennysheep_housing_project, layout_basic
D:7:      layout_gridville, nicolae_shop_overcharged_wands
D:8:      layout_loops_ring, lemuel_doored_altar, nrook_pool_corridor,
          minmay_misc_feat_chi, uniq_maurice
Temple:   hellmonk_temple_divided_pantheon

Skill      XL: |  1  2  3  4  5  6  7  8  9 |
---------------+----------------------------+-----
Axes           | 3 4 5 6 7 9 11 14 15 | 15.5
Fighting       | |  3.6
Armour         | |  3.6
Shields        | |  3.6

Action                     |  1- 3 |  4- 6 |  7- 9 || total
---------------------------+-------+-------+-------++-------
  Melee: War axe           |    79 |   153 |    27 ||   259
         Headbutt          |    11 |    25 |    30 ||    66
         Broad axe         |       |       |   180 ||   180
    Use: Scroll            |     1 |     6 |    10 ||    17
         Potion            |       |       |     1 ||     1
 Armour: Scale mail        |    46 |       |       ||    46
         Plate armour      |       |   104 |   160 ||   264
         Skin              |       |       |     1 ||     1
  Dodge: Dodged            |    36 |    61 |    70 ||   167
  Block: Buckler           |    24 |    46 |    41 ||   111

Table legend: (Time is in decaauts)
 A = Elapsed time spent in this place.
 B = Non-inter-level travel time spent in this place.
 C = Inter-level travel time spent in this place.
 D = Time resting spent in this place.
 E = Time spent auto-exploring this place.
 F = Levels seen in this place.
 G = Mean time per level.
                   A        B        C        D        E       F      G
               +--------+--------+--------+--------+--------+-----+--------+
         Total |   6581 |   6171 |    410 |    291 |   2906 |   9 |  731.2 |
       Dungeon |   6518 |   6108 |    410 |    291 |   2906 |   8 |  814.8 |
        Temple |     62 |     62 |      0 |      0 |      0 |   1 |   62.0 |
               +--------+--------+--------+--------+--------+-----+--------+

Top non-repeatable levels by time:
     D:3: 1686 daAuts
     D:4: 914 daAuts
     D:7: 884 daAuts
     D:2: 866 daAuts
     D:6: 779 daAuts
     D:1: 729 daAuts
     D:5: 611 daAuts
  Temple: 62 daAuts
     D:8: 44 daAuts
